 Dungeon Crawl Stone Soup version 0.22-a0-1003-g31bc37a (webtiles) character file.

114 thesequoiad the Skirmisher (level 5, 0/43 HPs)
             Began as a Formicid Archaeologist on Nov 20, 2020.
             Slain by Grinder (5 damage)
             ... on level 3 of the Dungeon.
             The game lasted 00:08:02 (2333 turns).

thesequoiad the Skirmisher (Formicid Archaeologist) Turns: 2333, Time: 00:08:02

Health: 0/43       AC:  7    Str: 17    XL:     5   Next: 18%
Magic:  17/17      EV:  9    Int: 12    God:
Gold:   155        SH:  0    Dex: 10    Spells: 8/8 levels left

rFire    . . .     SeeInvis +   q - +1 mace (crush)
rCold    . . .     Gourm    .   (no shield)
rNeg     . . .     Faith    .   i - +0 scale mail
rPois    .         Spirit   .   (no cloak)
rElec    .         Reflect  .   n - +0 pair of gloves
rCorr    .         Harm     .   (no boots)
MR       .....                  j - amulet of regeneration
Stlth    ..........             (no ring)
HPRegen  0.54/turn              s - ring of magical power
MPRegen  0.15/turn

@: studying Long Blades, heavily drained
A: permanent stasis, dig shafts and tunnels, four strong arms, antennae 3
a: Dig, Shaft Self


You were on level 3 of the Dungeon.
You were not hungry.
You have taken the pledge of Madness.
You visited 1 branch of the dungeon, and saw 3 of its levels.

You collected 155 gold pieces.

Inventory:

Hand Weapons
 a - a +0 whip
 q - a +1 mace of crushing (weapon)
Missiles
 h - 80 stones (quivered)
Armour
 b - a +1 robe
 i - a +0 scale mail (worn)
 n - a +0 pair of gloves (worn)
Jewellery
 j - an amulet of regeneration (around neck)
 m - a +4 amulet of reflection
 s - a ring of magical power (right hand)
Scrolls
 g - 2 scrolls of remove curse
 p - a scroll of recharging {unknown}
 t - 2 scrolls of identify
Potions
 e - a potion of curing
 k - a potion of mutation {unknown}
 l - a potion of flight
 o - a potion of heal wounds
Books
 c - a manual of Long Blades
Miscellaneous
 d - an ancient crate
Comestibles
 f - 4 rations
 r - 2 chunks of flesh


   Skills:
 + Level 4.4(3.1) Fighting
 * Level 3.1(1.8) Long Blades
 - Level 2.6(1.4) Dodging
 - Level 1.2(0.0) Stealth
 + Level 2.4(1.2) Spellcasting


You had 8 spell levels left.
You didn't know any spells.
Your spell library was empty.

Dungeon Overview and Level Annotations

Branches:
Dungeon (3/15)

Altars:
Ru

Annotations:
D:3 Grinder


Innate Abilities, Weirdness & Mutations

You cannot be hasted, slowed, berserked, paralysed or teleported.
You can dig through walls and to a lower floor.
Your four strong arms can wield two-handed weapons with a shield.
You have a pair of large antennae on your head. (SInv)


Message History

Grinder blinks!
You closely miss Grinder. Grinder hits you.
You writhe in agony.
You hit Grinder.
Grinder is lightly wounded.
Grinder hits you.
You writhe in agony.
Grinder gestures at you. Pain shoots through your body!
* * * LOW HITPOINT WARNING * * *
You closely miss Grinder.
Grinder is lightly wounded.
Grinder hits you.
* * * LOW HITPOINT WARNING * * *
You writhe in agony.
* * * LOW HITPOINT WARNING * * *
You closely miss Grinder.
Grinder is lightly wounded.
Grinder hits you.
* * * LOW HITPOINT WARNING * * *
You writhe in agony.
You die...

##.##.## #.# ##..##.# #.#
#......# #.# ####### #.#.#### #.#
#...... #.#.# #.# #.#####
#.#.#######.#####.# #.#
.............5....# #.#####
###.#######.###############.##...
.รท..## #.....@5..........##.##
###..## ####################.#
#...# ######### #.# ...##.##
#.......# #.# .###...## #.#####.#
#.# .##.....####.# #.# #.#
.#.......#.#.# #.# #.#
....._.......# #.# #.#
.#.......###.## #.# #.#


You could see Grinder.

Vanquished Creatures
  An orc wizard (D:3)
  3 adders
  A dart slug (D:1)
  2 leopard geckos (D:1)
  2 orcs (D:3)
  3 ball pythons
  7 bats
  7 giant cockroaches
  3 goblins (D:1)
  5 hobgoblins
  6 jackals (D:1)
  A kobold (D:3)
  5 frilled lizards
  4 rats
50 creatures vanquished.

Notes
Turn   | Place    | Note
-------+----------+-------------------------------------------
     0 | D:1      | thesequoiad the Formicid Archaeologist began the quest for the Orb.
     0 | D:1      | Reached XP level 1. HP: 18/18 MP: 1/1
   350 | D:1      | Reached skill level 1 in Spellcasting
   350 | D:1      | Reached XP level 2. HP: 20/24 MP: 3/3
   684 | D:1      | Reached XP level 3. HP: 30/30 MP: 5/5
   740 | D:1      | Reached skill level 4 in Fighting
  1238 | D:2      | Reached skill level 1 in Long Blades
  1400 | D:2      | Reached XP level 4. HP: 28/37 MP: 6/7
  2004 | D:3      | Reached XP level 5. HP: 15/43 MP: 8/8
  2207 | D:3      | Found a sacrificial altar of Ru.
  2324 | D:3      | Noticed Grinder
  2333 | D:3      | Slain by Grinder

Vault maps used:
D:1:      elethiomel_arrival_maze
D:3:      lemuel_round_altar, minmay_tree_intersection, minmay_misc_feat_alley,
          uniq_grinder

Skill      XL: |  1  2  3  4  5 |
---------------+----------------+-----
Spellcasting   | 1 2 |  2.4
Fighting       | 4 |  4.4
Long Blades    | 1 2 3 |  3.1
Dodging        | |  2.6
Stealth        | |  1.2

Action                   |  1- 3 |  4- 6 || total
-------------------------+-------+-------++-------
Melee: Whip              |   157 |    58 ||   215
       Mace              |       |    24 ||    24
Throw: Stone             |     3 |     2 ||     5
  Use: Scroll            |     4 |     4 ||     8
       Potion            |       |     1 ||     1
  Eat: Chunk             |     2 |     3 ||     5
Armor: Robe              |     7 |       ||     7
       Scale mail        |    58 |    35 ||    93
Dodge: Dodged            |   107 |    41 ||   148

Table legend:
 A = Spawn XP
 B = Non-spawn XP
 C = Spawn XP percentage of total XP
 D = Spawn monster count
 E = Non-spawn monster count
 F = Spawn count percentage of total count
 G = Total turns spent on level
                    A         B        C        D         E        F      G
               +---------+---------+-------+---------+---------+-------+---------
         Total |       0 |     163 |   0.0 |       0 |      50 |   0.0 |  2333
               +---------+---------+-------+---------+---------+-------+---------
           D:1 |       0 |      47 |   0.0 |       0 |      23 |   0.0 |  1132
           D:2 |       0 |      50 |   0.0 |       0 |      18 |   0.0 |   811
           D:3 |       0 |      66 |   0.0 |       0 |       9 |   0.0 |   390
               +---------+---------+-------+---------+---------+-------+---------
